 Dungeon Crawl Stone Soup version 0.27.1-34-g3ba077fa99 (webtiles) character file.

Game seed: 2107627809875511344

167 Cykl0x the Conjurer (level 5, -1/29 HPs)
             Began as a Gargoyle Conjurer on Jan 22, 2022.
             Slain by an ogre (20 damage)
             ... on level 3 of the Dungeon.
             The game lasted 00:06:21 (2717 turns).

Cykl0x the Conjurer (Gargoyle Conjurer)             Turns: 2717, Time: 00:06:22

Health: -1/29      AC:  8    Str: 12    XL:     5   Next: 48%
Magic:  0/8        EV: 11    Int: 18    God:
Gold:   1302       SH:  0    Dex:  8    Spells: 2/9 levels left

rFire    . . .     SeeInvis .   g - +4 dagger (speed)
rCold    . . .     Faith    .   (no shield)
rNeg     + . .     Spirit   .   a - +1 robe
rPois    ∞         Reflect  .   (no helmet)
rElec    +         Harm     .   b - +0 cloak
rCorr    .         Rampage  .   (no gloves)
Will     .....                  (no boots)
Stlth    ++........             (no amulet)
HPRegen  0.09/turn              (no ring)
MPRegen  0.11/turn              (no ring)

@: no status effects
A: sickness immunity, AC +4, negative energy resistance 1, electricity
resistance, torment resistance 1, petrification resistance
a: no special abilities


You were on level 3 of the Dungeon.
You visited 1 branch of the dungeon, and saw 3 of its levels.

You collected 1302 gold pieces.

Inventory:

Hand Weapons
 d - a +0 dagger
 g - a +4 dagger of speed (weapon)
Armour
 a - a +1 robe (worn)
 b - a +0 cloak (worn)
Potions
 c - a potion of heal wounds
 e - a potion of ambrosia
 h - a potion of haste
 i - 2 potions of curing
 k - a potion of lignification
 l - a potion of flight {unknown}
 n - a potion of degeneration {unknown}


   Skills:
 * Level 1.4 Fighting
 - Level 0.4(1.0) Short Blades
 * Level 1.4(1.5) Long Blades
 * Level 1.6 Armour
 + Level 1.7 Dodging
 - Level 2.1 Stealth
 + Level 2.6 Spellcasting
 + Level 5.3 Conjurations
 * Level 1.4 Hexes


You had 2 spell levels left.
You knew the following spells:

 Your Spells              Type           Power      Damage    Failure   Level
a - Magic Dart            Conj           84%        1d7       1%          1
b - Searing Ray           Conj           42%        3d4       3%          2
c - Fulminant Prism       Conj/Hex       7%         3d7       38%         4

Your spell library contained the following spells:

 Spells                   Type           Power      Damage    Failure   Level
 Dazzling Flash           Conj/Hex       28%        N/A       13%         3
 Iskenderun's Mystic Bla  Conj/Tloc      11%        2d4       50%         4


Dungeon Overview and Level Annotations

Branches:
Dungeon (3/15)

Altars:

Shops:
D:1 !

Annotations:
D:3 2 transporters, M0nkeyB0y's ghost, amateur GrBe


Innate Abilities, Weirdness & Mutations

You are immune to sickness and miasma.
Your stone body is resilient. (AC +4)
You are immune to poison.
You resist negative energy. (rN+)
You are resistant to electric shocks. (rElec)
You are resistant to unholy torment.
You are immune to petrification.


Message History

Press: ? - help, Shift-Dir - straight line, f - ball python
Aim: a ball python (75% to hit)
The searing ray hits the jackal.
You kill the jackal!
The searing ray hits the ogre!
The ogre is moderately wounded.
The searing ray hits the ball python!
You kill the ball python! (Press . to maintain the ray.)
The searing ray misses the ogre.
The searing ray hits the jackal!
You kill the jackal!
The searing ray hits the ogre.
The ogre is heavily wounded.
The searing ray hits the orc!
You kill the orc!
The ogre misses you.
Unknown command.
The searing ray hits the ogre.
The ogre is heavily wounded.
You finish channeling your searing ray.
The orc shouts!
The ogre hits you with a +0 giant club!
You closely miss the ogre.
The ogre is heavily wounded.
Casting: Searing Ray (safe; 3% risk of failure)
Confirm with . or Enter, or press ? or * to list all spells.
Aiming: Searing Ray (safe; 3% risk of failure)
Press: ? - help, Shift-Dir - straight line The searing ray misses the ogre.
The searing ray hits the orc!
You kill the orc! (Press . to maintain the ray.)
The ogre barely misses you.
Unknown command.
The searing ray hits the ogre.
The ogre is severely wounded.
The searing ray hits the orc!
You kill the orc!
The ogre hits you with a +0 giant club!!
Ouch! That really hurt!
You die...

#############
#...........##
############.##.###.....#
...............## ##.#.(#
#####..........# #.#..###
#..#####...## ##......#
#..#####.#..###.).....#
#.....##....@O).†#..#.#
#..#.......#######..# #
##..#.##..#.# #oO#
####...#.###.#.# #.h#
...............# #.S.
#.#..#...###...# +....
#.#.###..##.#### #.....
#.#..#..)#.## ##.#.##
#.#.......### ..#o.


You could see an ogre.

Vanquished Creatures
  An orc wizard (D:3)
  7 adders (D:2)
  3 worms (D:2)
  A dart slug (D:2)
  3 orcs (D:3)
  6 ball pythons
  6 bats
  7 endoplasms
  A giant cockroach (D:2)
  5 goblins
  7 hobgoblins
  2 jackals (D:3)
  4 kobolds
  4 quokkas
  4 frilled lizards
  5 rats
66 creatures vanquished.

Notes
Turn   | Place    | Note
-------+----------+-------------------------------------------
     0 | D:1      | Cykl0x the Gargoyle Conjurer began the quest for the Orb.
     0 | D:1      | Reached XP level 1. HP: 10/10 MP: 3/3
   238 | D:1      | Found Oseuh's Distillery.
   275 | D:1      | Reached XP level 2. HP: 15/15 MP: 0/5
   382 | D:1      | Learned a level 2 spell: Searing Ray
   631 | D:1      | Reached XP level 3. HP: 19/19 MP: 3/6
  1020 | D:2      | Reached skill level 1 in Armour
  1172 | D:2      | Reached skill level 1 in Long Blades
  1172 | D:2      | Reached skill level 5 in Conjurations
  1379 | D:2      | Reached XP level 4. HP: 24/24 MP: 3/7
  1384 | D:2      | Learned a level 4 spell: Fulminant Prism
  1487 | D:2      | Reached skill level 1 in Fighting
  1767 | D:2      | Identified a scroll of acquirement
  1767 | D:2      | Acquired 1187 gold pieces
  2054 | D:2      | Found a faded altar of an unknown god.
  2065 | D:2      | Reached skill level 1 in Hexes
  2065 | D:2      | Reached XP level 5. HP: 29/29 MP: 2/8
  2513 | D:3      | Found a transporter.
  2517 | D:3      | Noticed M0nkeyB0y's ghost (amateur GrBe)
  2635 | D:3      | Found a transporter.
  2701 | D:3      | Noticed an ogre
  2717 | D:3      | Slain by an ogre

Illustrated notes

Levels and vault maps discovered:
D:1:      pf_arrival_petrified_forest, layout_rooms, serial_shops,
          nicolae_lakefront_shop, columned_hall_lemuel, minmay_3d_cube
D:2:      minmay_skewed_foursquare, layout_loops_corners,
          hellmonk_ecumenical_altar_heavens_door
D:3:      layout_loops_ring, zin_angel, gammafunk_ghost_arena,
          kennysheep_pointless_box

Skill      XL: |  1  2  3  4 |
---------------+-------------+-----
Armour         | 1 |  1.6
Long Blades    | 1 |  1.4
Conjurations   | 5 |  5.3
Fighting       | 1 |  1.4
Hexes          | 1 |  1.4
Short Blades   | |  0.4
Dodging        | |  1.7
Stealth        | |  2.1
Spellcasting   | |  2.6

Action                   |  1- 3 |  4- 6 || total
-------------------------+-------+-------++-------
Melee: Dagger            |    31 |    24 ||    55
       Unarmed           |     1 |       ||     1
 Cast: Magic Dart        |    39 |    32 ||    71
       Searing Ray       |     8 |    10 ||    18
  Use: Scroll            |       |    10 ||    10
Armor: Robe              |     6 |     7 ||    13
Dodge: Dodged            |    14 |    10 ||    24
